 Dungeon Crawl Stone Soup version 0.24-a0-725-gf1a930fc54 (webtiles) character file.

Game seed: 4909402086905058766, levelgen mode: deterministic

14901 Johnny the Geomancer (level 11, -10/74 HPs)
             Began as a Demigod Earth Elementalist on Oct 1, 2019.
             Mangled by an orc warlord
             ... wielding a +2 halberd of freezing
              (11 damage)
             ... on level 11 of the Dungeon.
             The game lasted 00:24:35 (12035 turns).

Johnny the Geomancer (Demigod Earth Elementalist)  Turns: 12035, Time: 00:24:36

Health: -10/74     AC: 11    Str: 11    XL:     11   Next: 63%
Magic:  17/38      EV: 12    Int: 37    God:
Gold:   599        SH:  0    Dex: 16    Spells: 16/29 levels left

rFire    . . .     SeeInvis +   F - +7 spear "Loskeu" {freeze, *Noise MR+++ Int+6}
rCold    . . .     Gourm    .   (no shield)
rNeg     . . .     Faith    .   K - +0 troll leather armour
rPois    .         Spirit   .   J - +2 helmet {SInv}
rElec    .         Reflect  .   L - +2 cloak
rCorr    .         Harm     .   (no gloves)
MR       ++++.                  a - +0 pair of boots
Stlth    ++........             (no amulet)
HPRegen  0.62/turn              z - ring of magical power
MPRegen  0.26/turn              s - +6 ring of intelligence

@: no status effects
A: high mp 1
a: no special abilities


You were on level 11 of the Dungeon.
You were very hungry.

You visited 2 branches of the dungeon, and saw 12 of its levels.
You also visited: Bailey.

You collected 869 gold pieces.
You spent 270 gold pieces at shops.

Inventory:

Hand Weapons
 g - the +3 short sword "Seuwaet" {pierce, rF+ Dex+4, unknown}
   (You found it on level 11 of the Dungeon)

   It inflicts extra damage upon your enemies.
   It affects your dexterity (+4).
   It protects you from fire.
 F - the +7 spear "Loskeu" (weapon) {freeze, *Noise MR+++ Int+6}
   (You found it on level 10 of the Dungeon)

   It has been specially enchanted to freeze those struck by it, causing extra
   injury to most foes and up to half again as much damage against particularly
   susceptible opponents.
   It can also slow down cold-blooded creatures.
   It affects your intelligence (+6).
   It affects your resistance to hostile enchantments.
   It may make noises in combat.
Missiles
 q - 22 stones (quivered)
Armour
 a - a +0 pair of boots (worn)
 J - a +2 helmet of see invisible (worn)
 K - a +0 troll leather armour (worn)
 L - a +2 cloak (worn)
 N - the +1 chain mail of Precision Catastrophes {Dex+2, unknown}
   (You found it on level 11 of the Dungeon)

   It affects your dexterity (+2).
Magical Staves
 O - an uncursed staff of death {unknown}
Jewellery
 e - the ring "Kocwier" {+Fly rPois}
   (You found it on level 9 of the Dungeon)

   [ring of flight]

   It protects you from poison.
   It lets you fly.
 h - an uncursed ring of fire
 s - a +6 ring of intelligence (right hand)
 z - a ring of magical power (left hand)
 D - a +6 ring of strength {unknown}
 P - an uncursed ring of positive energy {unknown}
Wands
 f - a wand of flame (6)
 l - a wand of enslavement (2)
 p - a wand of digging (2)
 x - a wand of scattershot (1)
 I - a wand of polymorph (1)
Scrolls
 c - a scroll of fear
 i - 3 scrolls of immolation
 k - 2 scrolls of fog
 v - a scroll of teleportation
 y - a scroll of blinking
 B - 2 scrolls of amnesia
 C - 4 scrolls of remove curse
Potions
 b - a potion of cancellation {unknown}
 j - a potion of might
 m - a potion of agility {unknown}
 n - a potion of degeneration
 o - 2 potions of lignification
 r - a potion of brilliance
 t - a potion of resistance
 u - a potion of berserk rage {unknown}
 w - a potion of mutation {unknown}
 A - 2 potions of flight {unknown}
 E - a potion of haste {unknown}
 G - a potion of curing
 H - 2 potions of invisibility {unknown}
 M - a potion of heal wounds
Comestibles
 d - 21 rations


   Skills:
 - Level 1.7 Dodging
 - Level 1.7 Stealth
 + Level 9.7 Spellcasting
 - Level 0.8 Transmutations
 * Level 14.2 Earth Magic


You had 16 spell levels left.
You knew the following spells:

 Your Spells              Type           Power        Failure   Level  Hunger
a - Sandblast             Erth           ######       0%          1    None
b - Stone Arrow           Conj/Erth      ######       1%          3    None
c - Lee's Rapid Deconstr  Erth           #######...   1%          5    ##.....
d - Petrify               Tmut/Erth      ######..     1%          4    None

Your spell library contained the following spells:

 Spells                   Type           Power        Failure   Level  Hunger
 Beastly Appendage        Tmut           ###...       1%          1    None
 Passwall                 Tmut/Erth      ######..     1%          2    None
 Sticks to Snakes         Tmut           ###.....     3%          2    None
 Spider Form              Tmut/Pois      ###.......   8%          3    None
 Ice Form                 Ice/Tmut       ###.....     24%         4    None
 Blade Hands              Tmut           ###.......   50%         5    ##.....


Dungeon Overview and Level Annotations

Branches:
Dungeon (11/15)            Temple (1/1) D:5            Lair (0/6) D:10
 Bailey (visited)
    Orc: D:9-12

Shops:
D:5 *%   D:7 *


Innate Abilities, Weirdness & Mutations

You have an increased reservoir of magic. (+10% MP)


Message History

Aiming: Petrify (safe; 1% risk of failure)
Press: ? - help, Shift-Dir - straight line, f/p - orc warlord
Aim: an orc warlord, wielding a +2 halberd of freezing and wearing a +0 plate armour (moderately wounded, chance to defeat MR: 46%)
The orc warlord resists with some effort.
The orc warlord hits you from afar with a +2 halberd of freezing!!
The orc warlord freezes you.
Things that are here:
a +0 chain mail; a +0 battleaxe
There is an open door here.
You see here an arrow.
Casting: Petrify (safe; 1% risk of failure)
Confirm with . or Enter, or press ? or * to list all spells.
Aiming: Petrify (safe; 1% risk of failure)
Press: ? - help, Shift-Dir - straight line, f/p - orc warlord
Aim: an orc warlord, wielding a +2 halberd of freezing and wearing a +0 plate armour (lightly wounded, chance to defeat MR: 46%)
The orc warlord is moving more slowly.
The orc warlord hits you from afar with a +2 halberd of freezing!!
* * * LOW HITPOINT WARNING * * *
The orc warlord freezes you!
You die...

#.###########.... #.#
#......## #[#### ####..##
#....# #..###
#############.##.#######.....
#...........)............####
#.........[[.............# #
#.......(#[#.#.#.........#
#.........((@............#
#........###'###.........#
#.#.#######.o.#######.#..####
#...#((.((#...#((.(.#.......#
#..##((.((##[##((..(##.......
#..####'###8)8###'####.......
#^.#))#....[(.....#[[#.......
#..#))#.##.....##.#[[#...>...
#..#..'.###...###.[..#.......


You could see an orc warlord (petrifying).

Vanquished Creatures
  3 centaur warriors (D:11)
  3 two-headed ogres
  A deep elf mage (D:10)
  2 cyclopes (D:11)
  An ugly thing (D:11)
  An elephant (D:10)
  A komodo dragon (D:11)
  2 trolls
  6 hippogriffs
  A shadow (D:10)
  A spriggan (D:10)
  A basilisk (D:10)
  A human (D:10)
  A yak (D:10)
  A hungry ghost (D:11)
  20 orc warriors
  3 sky beasts
  An ogre (D:8)
  2 phantoms
  5 ice beasts
  2 crocodiles
  4 centaurs
  A big kobold (D:9)
  5 bullfrogs (D:6)
  2 scorpions
  17 wights (D:9)
  A crimson imp (D:10)
  4 howler monkeys
  6 hounds
  3 quasits
  2 centaur skeletons
  3 jellies
  2 bullfrog zombies
  7 orc priests
  A bullfrog skeleton (D:10)
  An iguana (D:4)
  11 worker ants
  16 orc wizards
  2 hound zombies
  A hound skeleton (D:7)
  2 howler monkey zombies
  A worker ant zombie (D:10)
  11 adders
  3 gnolls (D:2)
  5 shadow imps
  An ooze (D:1)
  An adder skeleton (D:4)
  An adder zombie (D:9)
  3 worms
  2 dart slugs
  4 leopard geckos
  61 orcs
  A ball python (D:4)
  6 bats
  5 giant cockroaches
  7 goblins
  7 hobgoblins
  10 quokkas
  3 frilled lizards (D:1)
  21 kobolds
  A leopard gecko skeleton (D:6)
  A leopard gecko zombie (D:7)
  7 rats
312 creatures vanquished.

Vanquished Creatures (others)
  An orc warrior (D:11)
  A killer bee zombie (D:10)
  2 fungi (D:10)
4 creatures vanquished.

Grand Total: 316 creatures vanquished

Notes
Turn   | Place    | Note
-------+----------+-------------------------------------------
     0 | D:1      | Johnny the Demigod Earth Elementalist began the quest for
                  | the Orb.
     0 | D:1      | Reached XP level 1. HP: 14/14 MP: 5/5
   104 | D:1      | Reached skill level 3 in Earth Magic
   230 | D:1      | Reached XP level 2. HP: 20/20 MP: 2/7
   615 | D:1      | You fall into a shaft and drop 1 floor!
   781 | D:2      | Reached XP level 3. HP: 10/26 MP: 0/9
  1170 | D:2      | Reached skill level 4 in Earth Magic
  1454 | D:2      | Reached XP level 4. HP: 31/33 MP: 7/10
  1894 | D:3      | Found a blossoming altar of Fedhas.
  2285 | D:3      | Reached XP level 5. HP: 38/38 MP: 10/12
  2581 | D:4      | Reached skill level 5 in Earth Magic
  2896 | D:4      | Noticed a centaur
  2903 | D:4      | Killed a centaur
  2903 | D:4      | Reached XP level 6. HP: 41/45 MP: 9/14
  2940 | D:4      | Reached skill level 6 in Earth Magic
  3060 | D:4      | Learned a level 3 spell: Stone Arrow
  3420 | D:4      | Reached XP level 7. HP: 43/50 MP: 2/16
  3912 | D:4      | Learned a level 5 spell: Lee's Rapid Deconstruction
  3917 | D:4      | Learned a level 4 spell: Petrify
  3967 | D:5      | Entered Level 5 of the Dungeon
  3967 | D:5      | Found Faeliac's Assorted Antiques.
  4037 | D:5      | Found Wad Odghy's Food Boutique.
  4071 | D:5      | Found a staircase to the Ecumenical Temple.
  4121 | D:5      | Reached skill level 7 in Earth Magic
  4368 | Temple   | Entered the Ecumenical Temple
  4501 | D:6      | Reached skill level 5 in Spellcasting
  4501 | D:6      | Reached XP level 8. HP: 36/57 MP: 8/19
  4503 | D:6      | Reached skill level 8 in Earth Magic
  4784 | D:6      | Reached skill level 9 in Earth Magic
  5362 | D:7      | Noticed a hippogriff
  5368 | D:7      | Killed a hippogriff
  5407 | D:7      | Found an ornate altar of the Wu Jian Council.
  5524 | D:7      | Reached XP level 9. HP: 54/62 MP: 1/22
  5951 | D:7      | Found Juemarha's General Store.
  6404 | D:8      | Reached skill level 10 in Earth Magic
  6429 | D:8      | Found a sacrificial altar of Ru.
  6539 | D:8      | Noticed a two-headed ogre
  6544 | D:8      | Killed a two-headed ogre
  7223 | D:9      | Reached skill level 11 in Earth Magic
  7344 | D:9      | Got a warped iron ring
  7351 | D:9      | Found a flagged portal.
  7405 | Bailey   | Entered a bailey
  7582 | Bailey   | Identified the ring "Kocwier" {+Fly rPois} (You found it on
                  | level 9 of the Dungeon)
  8152 | Bailey   | Found an iron altar of Okawaru.
  8252 | D:9      | Reached XP level 10. HP: 57/69 MP: 25/25
  8751 | D:10     | Entered Level 10 of the Dungeon
  8950 | D:10     | Noticed an elephant
  8961 | D:10     | Killed an elephant
  8961 | D:10     | Reached skill level 12 in Earth Magic
  9084 | D:10     | HP: 3/69 [basilisk (15)]
  9373 | D:10     | Found a staircase to the Lair.
  9760 | D:10     | Noticed a two-headed ogre
  9772 | D:10     | Killed a two-headed ogre
  9827 | D:10     | Noticed a deep elf mage
  9832 | D:10     | Killed a deep elf mage
 10180 | D:7      | Bought a +2 helmet of see invisible for 215 gold pieces
 10180 | D:7      | Bought a scroll of identify for 20 gold pieces
 10180 | D:7      | Bought a scroll of fog for 20 gold pieces
 10192 | D:7      | Bought 15 stones for 15 gold pieces
 10291 | D:10     | Got a faintly glowing spear
 10293 | D:10     | Identified the +7 spear "Loskeu" {freeze, *Noise MR+++
                  | Int+6} (You found it on level 10 of the Dungeon)
 10377 | D:11     | Noticed a cyclops
 10379 | D:11     | Killed a cyclops
 10379 | D:11     | Reached skill level 13 in Earth Magic
 10383 | D:11     | Reached XP level 11. HP: 74/74 MP: 22/28
 10843 | D:11     | Noticed a centaur warrior
 10854 | D:11     | Killed a centaur warrior
 10855 | D:11     | Noticed a centaur warrior
 10856 | D:11     | Noticed a centaur warrior
 11091 | D:11     | Got a shimmering chain mail
 11112 | D:11     | Noticed an orc warlord
 11758 | D:11     | Noticed a two-headed ogre
 11761 | D:11     | Killed a two-headed ogre
 11761 | D:11     | Reached skill level 14 in Earth Magic
 11859 | D:11     | Killed a centaur warrior
 11905 | D:11     | Killed a centaur warrior
 12001 | D:11     | Got a blackened short sword
 12035 | D:11     | HP: 1/74 [orc warlord/+2 halberd of freezing (30)]
 12035 | D:11     | Mangled by an orc warlord

Levels and vault maps discovered:
D:1:      dpeg_chamrin_arrival_tetris, layout_basic
D:2:      layout_basic, first_ration, minmay_misc_feat_nine_boxes, st_stairs_13,
          minmay_misc_feat_x, chequers_serial_rivers_micro_d
D:3:      wad_woods_stonehenge, layout_basic
D:4:      layout_basic, serial_bayou_pond_b
D:5:      layout_rooms, nicolae_overflow_hidden_temple,
          minmay_temple_entry_mini_moons, serial_shops,
          nicolae_shop_overgrown_old_shop, shop, minmay_misc_feat_square
D:6:      layout_loops_ring
D:7:      corexii_shack_village, layout_basic, kennysheep_mini, serial_shops,
          nicolae_shop_window_shopping
D:8:      layout_basic, nicolae_ru_path_of_blood
D:9:      layout_rooms, enter_bailey_8
D:10:     layout_roguey, david_lair_generic, hangedman_stone_soup,
          nicolae_straight_to_the_point
D:11:     evilmike_iron_armoury, layout_rooms
Temple:   nicolae_temple_no_exploring_needed

Skill      XL: |  1  2  3  4  5  6  7  8  9 10 11 |
---------------+----------------------------------+-----
Spellcasting   | 2 3 4 5 6 7 8 9 |  9.7
Earth Magic    | 3 4 5 6 7 9 11 13 14 | 14.2
Dodging        | |  1.7
Stealth        | |  1.7
Transmutations | |  0.8

Action                   |  1- 3 |  4- 6 |  7- 9 | 10-12 || total
-------------------------+-------+-------+-------+-------++-------
Melee: Unarmed           |    33 |    13 |       |       ||    46
       Whip              |       |    29 |    25 |       ||    54
       Dagger            |       |       |    43 |    18 ||    61
       Spear             |       |       |       |     4 ||     4
 Cast: Sandblast         |    51 |    64 |   131 |    99 ||   345
       Stone Arrow       |       |    11 |     3 |     6 ||    20
       Lee's Rapid Decon |       |       |    28 |    58 ||    86
       Petrify           |       |       |     5 |     8 ||    13
Evoke: Wand              |       |       |    12 |    16 ||    28
  Use: Potion            |     1 |       |     4 |     1 ||     6
       Scroll            |       |     9 |    10 |     2 ||    21
 Stab: Sleeping          |     2 |       |     3 |       ||     5
       Petrified         |       |       |     3 |       ||     3
  Eat: Chunk             |     1 |     7 |    11 |    13 ||    32
       Ration            |       |       |     3 |     1 ||     4
Armor: Robe              |    12 |     6 |    17 |     7 ||    42
       Troll leather arm |       |       |       |    10 ||    10
Dodge: Dodged            |    47 |    55 |    81 |    42 ||   225

Table legend:
 A = Non-vault XP
 B = Vault XP
 C = Vault XP percentage of total XP
 D = Non-vault monster count
 E = Vault monster count
 F = Vault count percentage of total count
                 A         B        C        D         E       F
            +---------+---------+-------+---------+---------+-------
      Total |   14565 |    6723 |  31.6 |     260 |      52 |  16.7
            +---------+---------+-------+---------+---------+-------
        D:1 |      42 |       0 |   0.0 |      23 |       0 |   0.0
        D:2 |      94 |      16 |  14.5 |      16 |       2 |  11.1
        D:3 |      60 |      24 |  28.6 |      11 |       6 |  35.3
        D:4 |     696 |       2 |   0.3 |      30 |       1 |   3.2
        D:5 |     419 |       0 |   0.0 |      11 |       0 |   0.0
        D:6 |    1448 |       0 |   0.0 |      28 |       0 |   0.0
        D:7 |     783 |       9 |   1.1 |      27 |       5 |  15.6
        D:8 |    1495 |       0 |   0.0 |      12 |       0 |   0.0
        D:9 |    1846 |       0 |   0.0 |      35 |       0 |   0.0
       D:10 |    2809 |    2053 |  42.2 |      34 |       8 |  19.0
       D:11 |    4873 |    4194 |  46.3 |      33 |      14 |  29.8
     Bailey |       0 |     425 | 100.0 |       0 |      16 | 100.0
            +---------+---------+-------+---------+---------+-------
